cohdb
Replays
Latest Replays
All Replays
Popular Replays
Top Player Replays
Match Explorer
How It Works
Community
CoH3 Stats
Reddit
Sign in to upload your games and track your stats! →
Sign in with Steam
Match 47360868
Unlisted
Match 47360868
Overview
Messages
Build Orders
End
Kradschützen Motorcycle Team
Panzerpioneer Squad
Selects Panzerjäger Kommand Battlegroup
250 Light Carrier
Panzergrenadier Squad
Construct Light Support Kompanie
MG34 Team
Fire Support Elements
Panzergrenadier Squad
Panzerjäger Mechanized Group
Selects Mine Fields
Selects Defensive Positions
Flakvierling Half-track
Panzergrenadier Squad
Selects Tank Busters
Construct Mechanized Kompanie
Selects Butterfly Bomb Drop
StuG III D Assault Gun
2.5-tonne Medical Truck
Selects Crew Shock Tactics
254 Reconnaissance Tractor
Assault Mechanized Group
AI Takeover
Dima
ManBearPig
parsnip9510
미리
0
0
Comments
sign in to comment!
No comments posted yet!